| TOP OF THE 1ST |
|
Portland Angels batting - Pitching for Tijuana Toros : RHP Rudolf Goldsmith
|
|
Pitching: RHP Rudolf Goldsmith
|
|
|
Batting: RHB Jose Garduno
|
0-0: Ball 1-0: Ground out 4-3 (Groundball, 4, EV 86.9 MPH)
|
|
Batting: LHB Miguel Hernandez
|
0-0: Ball 1-0: Called Strike 1-1: Ball 2-1: Foul Ball, location: 2F 2-2: Ground out 4-3 (Groundball, 4, EV 109.4 MPH)
|
|
Batting: RHB Alex Rosaly
|
0-0: Fly out, F9 (Flyball, 9D, EV 95.0 MPH)
|
| Top of the 1st over - 0 runs, 0 hits, 0 errors, 0 left on base; Portland 0 - Tijuana 0 |
| BOTTOM OF THE 1ST |
|
Tijuana Toros batting - Pitching for Portland Angels : RHP Lense Heus
|
|
Pitching: RHP Lense Heus
|
|
|
Batting: RHB Alex Diaz
|
0-0: Ball 1-0: Called Strike 1-1: Ball 2-1: Foul Ball, location: 2F 2-2: SINGLE (Groundball, 56D, EV 100.0 MPH)
|
|
Batting: RHB Guo Kwok
|
0-0: Ball 1-0: Ball Alex Diaz steals 2nd base 2-0: Foul Ball, location: 2F 2-1: Foul Ball, location: 2F 2-2: Ball 3-2: Base on Balls
|
|
Batting: LHB Jose Diaz
|
0-0: Called Strike 0-1: Swinging Strike 0-2: Strikes out swinging
|
|
Batting: RHB Shiki Nomoto
|
0-0: Ball 1-0: SINGLE (Groundball, 56D, EV 98.1 MPH) Alex Diaz to third Guo Kwok to second Runner from 3rd tries for Home, SAFE, throw by LF to home
|
|
Batting: RHB Mario Diaz
|
0-0: Called Strike 0-1: Ball 1-1: Grounds into double play, 4-6-3 (Groundball, 34, EV 104.4 MPH)
|
| Bottom of the 1st over - 1 run, 2 hits, 0 errors, 1 left on base; Portland 0 - Tijuana 1 |
| TOP OF THE 2ND |
|
Portland Angels batting - Pitching for Tijuana Toros : RHP Rudolf Goldsmith
|
|
Batting: LHB Lupe Garcia
|
0-0: Ball 1-0: Called Strike 1-1: Foul Ball, location: 2F 1-2: Ground out 4-3 (Groundball, 4M, EV 81.9 MPH)
|
|
Batting: RHB Jayden Hollaway
|
0-0: Fly out, F9 (Line Drive, 89M, EV 100.6 MPH)
|
|
Batting: LHB John Harvey
|
0-0: Ball 1-0: Foul Ball, location: 2F 1-1: Foul Ball, location: 2F 1-2: Strikes out swinging
|
| Top of the 2nd over - 0 runs, 0 hits, 0 errors, 0 left on base; Portland 0 - Tijuana 1 |
| BOTTOM OF THE 2ND |
|
Tijuana Toros batting - Pitching for Portland Angels : RHP Lense Heus
|
|
Batting: RHB Tan-ming Kwan
|
0-0: Foul Ball, location: 2F 0-1: Foul Ball, location: 2F 0-2: Ground out 3-1 (Groundball, 34, EV 103.1 MPH)
|
|
Batting: RHB Guillermo Puente
|
0-0: Ball 1-0: Fly out, F9 (Flyball, 9D, EV 86.2 MPH)
|
|
Batting: SHB Luis Diaz
|
0-0: Called Strike 0-1: Ball 1-1: Ball 2-1: Foul Ball, location: 2F 2-2: SINGLE (Groundball, 34D, EV 106.2 MPH)
|
|
Batting: RHB Tony Vasquez
|
0-0: Ball 1-0: Ball 2-0: Called Strike 2-1: Swinging Strike 2-2: Foul Ball, location: 2F 2-2: Strikes out swinging
|
| Bottom of the 2nd over - 0 runs, 1 hit, 0 errors, 1 left on base; Portland 0 - Tijuana 1 |
| TOP OF THE 3RD |
|
Portland Angels batting - Pitching for Tijuana Toros : RHP Rudolf Goldsmith
|
|
Batting: RHB Ken Beck
|
0-0: Called Strike 0-1: Ground out U3 (Groundball, 3S, EV 66.9 MPH)
|
|
Batting: SHB Jonathan Barrie
|
0-0: Foul Ball, location: 2F 0-1: Ball 1-1: Foul Ball, location: 2F 1-2: Ground out 4-3 (Groundball, 34, EV 98.1 MPH)
|
|
Batting: LHB Matt Herndon
|
0-0: Fly out, F7 (Flyball, 7LM, EV 74.4 MPH)
|
| Top of the 3rd over - 0 runs, 0 hits, 0 errors, 0 left on base; Portland 0 - Tijuana 1 |
| BOTTOM OF THE 3RD |
|
Tijuana Toros batting - Pitching for Portland Angels : RHP Lense Heus
|
|
Batting: RHB Alex Diaz
|
0-0: Called Strike 0-1: Foul Ball, location: 2F 0-2: Ball 1-2: Ball 2-2: Strikes out swinging
|
|
Batting: RHB Guo Kwok
|
0-0: Ground out 6-3 (Groundball, 6, EV 103.8 MPH)
|
|
Batting: LHB Jose Diaz
|
0-0: Called Strike 0-1: Called Strike 0-2: Foul Ball, location: 2F 0-2: Foul Ball, location: 2F 0-2: Ball 1-2: Ball 2-2: SINGLE (Line Drive, 6D, EV 94.4 MPH)
|
|
Batting: RHB Shiki Nomoto
|
0-0: Called Strike 0-1: Ball 1-1: Ball 2-1: SINGLE (Line Drive, 6D, EV 105.0 MPH) Jose Diaz to second
|
|
Batting: RHB Mario Diaz
|
0-0: Called Strike 0-1: Foul Ball, location: 2F 0-2: Ball 1-2: Foul Ball, location: 2F 1-2: Ball 2-2: Foul Ball, location: 2F 2-2: Strikes out swinging
|
| Bottom of the 3rd over - 0 runs, 2 hits, 0 errors, 2 left on base; Portland 0 - Tijuana 1 |
| TOP OF THE 4TH |
|
Portland Angels batting - Pitching for Tijuana Toros : RHP Rudolf Goldsmith
|
|
Batting: RHB Jose Garduno
|
0-0: Foul Ball, location: 2F 0-1: Ball 1-1: Foul Ball, location: 2F 1-2: Foul Ball, location: 2F 1-2: Strikes out swinging
|
|
Batting: LHB Miguel Hernandez
|
0-0: Called Strike 0-1: Called Strike 0-2: Ball 1-2: Ball 2-2: Strikes out swinging
|
|
Batting: RHB Alex Rosaly
|
0-0: Ball 1-0: Called Strike 1-1: Called Strike 1-2: SOLO HOME RUN (Flyball, 7D, EV 101.9 MPH), Distance : 392 ft
|
|
Batting: LHB Lupe Garcia
|
0-0: Foul Ball, location: 2F 0-1: Ball 1-1: Foul Ball, location: 2F 1-2: DOUBLE (Flyball, 8RXD, EV 106.9 MPH)
|
|
Batting: RHB Jayden Hollaway
|
0-0: Ball Wild Pitch! Lupe Garcia to third 1-0: Foul Ball, location: 2F 1-1: Ball 2-1: Foul Ball, location: 2F 2-2: Hit by Pitch
|
|
Batting: LHB John Harvey
|
0-0: Ball 1-0: Called Strike 1-1: Fly out, F9 (Line Drive, 9S, EV 94.4 MPH)
|
| Top of the 4th over - 1 run, 2 hits, 0 errors, 2 left on base; Portland 1 - Tijuana 1 |
| BOTTOM OF THE 4TH |
|
Tijuana Toros batting - Pitching for Portland Angels : RHP Lense Heus
|
|
Batting: RHB Tan-ming Kwan
|
0-0: Called Strike 0-1: Ball 1-1: Ball 2-1: Foul Ball, location: 2F 2-2: Strikes out swinging
|
|
Batting: RHB Guillermo Puente
|
0-0: Ball 1-0: Ground out 3-1 (Groundball, 34, EV 86.2 MPH)
|
|
Batting: SHB Luis Diaz
|
0-0: Called Strike 0-1: Ball 1-1: Ball 2-1: Ball 3-1: Base on Balls
|
|
Batting: RHB Tony Vasquez
|
0-0: Called Strike 0-1: Ball 1-1: Fly out, F3 (Line Drive, 3, EV 66.9 MPH)
|
| Bottom of the 4th over - 0 runs, 0 hits, 0 errors, 1 left on base; Portland 1 - Tijuana 1 |
| TOP OF THE 5TH |
|
Portland Angels batting - Pitching for Tijuana Toros : RHP Rudolf Goldsmith
|
|
Batting: RHB Ken Beck
|
0-0: Swinging Strike 0-1: Ball 1-1: Ball 2-1: Called Strike 2-2: Ball 3-2: Base on Balls
|
|
Batting: SHB Jonathan Barrie
|
0-0: Ball 1-0: Ball 2-0: Ball 3-0: Grounds into double play, 5-4-3 (Groundball, 56S, EV 88.8 MPH)
|
|
Batting: LHB Matt Herndon
|
0-0: Ground out 3-1 (Groundball, 13, EV 82.5 MPH)
|
| Top of the 5th over - 0 runs, 0 hits, 0 errors, 0 left on base; Portland 1 - Tijuana 1 |
| BOTTOM OF THE 5TH |
|
Tijuana Toros batting - Pitching for Portland Angels : RHP Lense Heus
|
|
Batting: RHB Alex Diaz
|
0-0: Foul Ball, location: 2F 0-1: Called Strike 0-2: Foul Ball, location: 2F 0-2: Strikes out looking
|
|
Batting: RHB Guo Kwok
|
0-0: Ball 1-0: Ball 2-0: Ball 3-0: Called Strike 3-1: Foul Ball, location: 2F 3-2: Fly out, F7 (Line Drive, 7, EV 91.9 MPH)
|
|
Batting: LHB Jose Diaz
|
0-0: Ball 1-0: Foul Ball, location: 2F 1-1: Ground out U3 (Groundball, 34S, EV 91.2 MPH)
|
| Bottom of the 5th over - 0 runs, 0 hits, 0 errors, 0 left on base; Portland 1 - Tijuana 1 |
| TOP OF THE 6TH |
|
Portland Angels batting - Pitching for Tijuana Toros : RHP Rudolf Goldsmith
|
|
Batting: RHB Jose Garduno
|
0-0: Swinging Strike 0-1: Swinging Strike 0-2: Strikes out swinging
|
|
Batting: LHB Miguel Hernandez
|
0-0: Called Strike 0-1: Ball 1-1: Ball 2-1: Ground out 1-3 (Groundball, 34S, EV 68.8 MPH)
|
|
Batting: RHB Alex Rosaly
|
0-0: Ball 1-0: Ball 2-0: Foul Ball, location: 2F 2-1: SINGLE (Groundball, P, EV 83.8 MPH) (infield hit)
|
|
Batting: LHB Lupe Garcia
|
0-0: Ball 1-0: Ball Wild Pitch! Alex Rosaly to second 2-0: Called Strike 2-1: Ball 3-1: Called Strike 3-2: SINGLE (Line Drive, 7S, EV 89.4 MPH) Alex Rosaly to third Runner from 3rd tries for Home, SAFE, throw by LF to home
|
|
Batting: RHB Jayden Hollaway
|
0-0: Ground out U3 (Groundball, 34, EV 76.2 MPH)
|
| Top of the 6th over - 1 run, 2 hits, 0 errors, 1 left on base; Portland 2 - Tijuana 1 |
| BOTTOM OF THE 6TH |
|
Tijuana Toros batting - Pitching for Portland Angels : RHP Lense Heus
|
|
Pitching: RHP Myeong-wan Kym
|
|
|
Batting: RHB Shiki Nomoto
|
0-0: Ball 1-0: Foul Ball, location: 2F 1-1: Ball 2-1: Fly out, F7 (Flyball, 78S, EV 82.5 MPH)
|
|
Batting: RHB Mario Diaz
|
0-0: Foul Ball, location: 2F 0-1: Ball 1-1: Foul Ball, location: 2F 1-2: Foul Ball, location: 2F 1-2: Single, Error in OF, E9, batter to second base (Line Drive, 34D, EV 103.8 MPH)
|
|
Batting: RHB Tan-ming Kwan
|
0-0: Called Strike 0-1: Ball 1-1: Ball 2-1: Ground out 6-3 (Groundball, 6, EV 105.6 MPH)
|
|
Batting: RHB Guillermo Puente
|
0-0: Called Strike 0-1: Ball 1-1: Foul Ball, location: 2F 1-2: Strikes out swinging
|
| Bottom of the 6th over - 0 runs, 1 hit, 1 error, 1 left on base; Portland 2 - Tijuana 1 |
| TOP OF THE 7TH |
|
Portland Angels batting - Pitching for Tijuana Toros : RHP Rudolf Goldsmith
|
|
Batting: LHB John Harvey
|
0-0: Called Strike 0-1: Ball 1-1: Called Strike 1-2: Ball 2-2: Foul Ball, location: 2F 2-2: Ball 3-2: SINGLE (Line Drive, 89S, EV 101.9 MPH)
|
|
Batting: RHB Ken Beck
|
0-0: Ball John Harvey steals 2nd base 1-0: Intentional Walk
|
|
Batting: SHB Jonathan Barrie
|
0-0: Foul Ball, location: 2F 0-1: Ball 1-1: Foul Ball, location: 2F 1-2: Foul Ball, location: 2F 1-2: Fly out, F5 (Popup, 56S, EV 84.4 MPH)
|
|
Batting: LHB Matt Herndon
|
0-0: Foul Ball, location: 2F 0-1: Ball 1-1: Ball 2-1: Ball 3-1: Foul Ball, location: 2F 3-2: Base on Balls John Harvey to third Ken Beck to second
|
|
Batting: RHB Jose Garduno
|
0-0: Ball 1-0: Called Strike 1-1: Ball 2-1: Ball 3-1: Called Strike 3-2: Base on Balls John Harvey scores Ken Beck to third Matt Herndon to second
|
|
Batting: LHB Miguel Hernandez
|
0-0: Grounds into fielders choice 3-2 (Groundball, 3, EV 78.8 MPH) Matt Herndon to third Jose Garduno to second
|
|
Batting: RHB Alex Rosaly
|
0-0: Ball 1-0: Ball 2-0: Foul Ball, location: 2F 2-1: Ball Passed Ball! Matt Herndon scores Jose Garduno to third Miguel Hernandez to second 3-1: Base on Balls
|
|
Pitching: RHP Ben Madar
|
|
|
Batting: LHB Lupe Garcia
|
0-0: Called Strike 0-1: Swinging Strike Passed Ball! Jose Garduno scores Miguel Hernandez to third Alex Rosaly to second 0-2: Ball 1-2: Foul Ball, location: 2F 1-2: Ball 2-2: Reached on error, E4 (Groundball, 34D, EV 81.2 MPH) Miguel Hernandez scores Alex Rosaly to third
|
|
Batting: RHB Esteban Rangel
|
0-0: Ball 1-0: Fly out, F8 (Flyball, 8LM, EV 83.1 MPH)
|
| Top of the 7th over - 4 runs, 1 hit, 1 error, 2 left on base; Portland 6 - Tijuana 1 |
| BOTTOM OF THE 7TH |
|
Tijuana Toros batting - Pitching for Portland Angels : RHP Myeong-wan Kym
|
|
Batting: SHB Luis Diaz
|
0-0: Swinging Strike 0-1: Ball 1-1: Ball 2-1: Foul Ball, location: 2F 2-2: Ball 3-2: Fly out, F9 (Flyball, 9D, EV 83.1 MPH)
|
|
Pinch Hitting: RHB Jerry Afghani
|
0-0: Foul Ball, location: 2F 0-1: Foul Ball, location: 2F 0-2: Strikes out swinging
|
|
Batting: RHB Alex Diaz
|
0-0: SINGLE (Groundball, 6S, EV 96.9 MPH)
|
|
Batting: RHB Guo Kwok
|
0-0: Fly out, F9 (Flyball, 9LM, EV 78.8 MPH)
|
| Bottom of the 7th over - 0 runs, 1 hit, 0 errors, 1 left on base; Portland 6 - Tijuana 1 |
| TOP OF THE 8TH |
|
Portland Angels batting - Pitching for Tijuana Toros : RHP Ben Madar
|
|
Now at 2B: Djoka Subasic
|
|
|
Batting: LHB John Harvey
|
0-0: Called Strike 0-1: Foul Ball, location: 2F 0-2: Ball 1-2: Ball 2-2: Ball 3-2: Fly out, F7 (Flyball, 7LS, EV 97.5 MPH)
|
|
Batting: RHB Ken Beck
|
0-0: Swinging Strike 0-1: Foul Ball, location: 2F 0-2: Ball 1-2: Strikes out swinging, 2-3 out at first.
|
|
Batting: SHB Jonathan Barrie
|
0-0: Called Strike 0-1: Swinging Strike 0-2: Ground out 5-3 (Groundball, 56S, EV 68.8 MPH)
|
| Top of the 8th over - 0 runs, 0 hits, 0 errors, 0 left on base; Portland 6 - Tijuana 1 |
| BOTTOM OF THE 8TH |
|
Tijuana Toros batting - Pitching for Portland Angels : RHP Myeong-wan Kym
|
|
Batting: LHB Jose Diaz
|
0-0: Called Strike 0-1: Called Strike 0-2: Ball 1-2: SOLO HOME RUN (Line Drive, 89XD, EV 102.5 MPH), Distance : 406 ft
|
|
Batting: RHB Shiki Nomoto
|
0-0: Called Strike 0-1: SINGLE (Groundball, 4MD, EV 103.8 MPH)
|
|
Batting: RHB Mario Diaz
|
0-0: Ball 1-0: Called Strike 1-1: Ball 2-1: Ball 3-1: Base on Balls Shiki Nomoto to second
|
|
Batting: RHB Tan-ming Kwan
|
0-0: Called Strike 0-1: Ball 1-1: Swinging Strike 1-2: Strikes out swinging
|
|
Pitching: RHP John Martin
|
|
|
Batting: RHB Guillermo Puente
|
0-0: Swinging Strike 0-1: Ball 1-1: Ball 2-1: Swinging Strike 2-2: Strikes out swinging
|
|
Batting: SHB Luis Diaz
|
0-0: Called Strike 0-1: Foul Ball, location: 2F 0-2: Ball 1-2: Strikes out swinging
|
| Bottom of the 8th over - 1 run, 2 hits, 0 errors, 2 left on base; Portland 6 - Tijuana 2 |
| TOP OF THE 9TH |
|
Portland Angels batting - Pitching for Tijuana Toros : RHP Ben Madar
|
|
Pinch Hitting: RHB Joe Keough
|
0-0: Ball 1-0: Called Strike 1-1: Foul Ball, location: 2F 1-2: Foul Ball, location: 2F 1-2: SOLO HOME RUN (Line Drive, 78XD, EV 113.1 MPH), Distance : 435 ft
|
|
Batting: RHB Jose Garduno
|
0-0: Ball 1-0: Called Strike 1-1: Foul Ball, location: 2F 1-2: Ball 2-2: Ground out 6-3 (Groundball, 6S, EV 81.9 MPH)
|
|
Batting: LHB Miguel Hernandez
|
0-0: Ball 1-0: Ball 2-0: Ball 3-0: Called Strike 3-1: Base on Balls
|
|
Pitching: LHP Brad Brownell
|
|
|
Batting: RHB Alex Rosaly
|
0-0: Called Strike Miguel Hernandez steals 2nd base 0-1: Called Strike 0-2: Fly out, F3 (Line Drive, 3, EV 68.8 MPH)
|
|
Batting: LHB Lupe Garcia
|
0-0: Swinging Strike 0-1: Foul Ball, location: 2F 0-2: Foul Ball, location: 2F 0-2: Ball 1-2: Strikes out swinging
|
| Top of the 9th over - 1 run, 1 hit, 0 errors, 1 left on base; Portland 7 - Tijuana 2 |
| BOTTOM OF THE 9TH |
|
Tijuana Toros batting - Pitching for Portland Angels : RHP John Martin
|
|
Now in LF: Dan Contreras
|
|
|
Now in RF: Miguel Hernandez
|
|
|
Batting: RHB Djoka Subasic
|
0-0: Ball 1-0: Ball 2-0: Ball 3-0: Called Strike 3-1: Foul Ball, location: 2F 3-2: Fly out, F9 (Line Drive, 89M, EV 89.4 MPH)
|
|
Batting: RHB Alex Diaz
|
0-0: Ball 1-0: Swinging Strike 1-1: Foul Ball, location: 2F 1-2: Ball 2-2: Ball 3-2: Strikes out looking
|
|
Batting: RHB Guo Kwok
|
0-0: Ball 1-0: Called Strike 1-1: Foul Ball, location: 2F 1-2: Ball 2-2: Foul Ball, location: 2F 2-2: Foul Ball, location: 2F 2-2: Foul Ball, location: 2F 2-2: Ground out 5-3 (Groundball, 56, EV 87.5 MPH)
|
| Bottom of the 9th over - 0 runs, 0 hits, 0 errors, 0 left on base; Portland 7 - Tijuana 2 |
|